 Dungeon Crawl Stone Soup version 0.29.1-1-gd02db6906a (webtiles) character file.

Game seed: 2165948195762070999

102 hawla the Firebug (level 5, -10/38 HPs)
             Began as a Meteoran Fire Elementalist on Oct 10, 2022.
             Killed by miscasting Flame Wave (11 damage)
             ... on level 4 of the Dungeon.
             The game lasted 00:05:08 (1949 turns).

hawla the Firebug (Meteoran Fire Elementalist)      Turns: 1949, Time: 00:05:08

Health: -10/38     AC:  2    Str: 18    XL:     5   Next: 28%
Magic:  3/11       EV: 13    Int: 16    God:
Gold:   216        SH:  0    Dex: 18    Spells: 3/10 levels left

rFire   . . .      SeeInvis .   (no weapon)
rCold   . . .      Faith    .   (no shield)
rNeg    . . .      Spirit   .   a - +0 robe
rPois   .          Reflect  .   (no helmet)
rElec   .          Harm     .   (no cloak)
rCorr   .          Rampage  .   (no gloves)
Will    .....                   (no boots)
Stlth   +.........              (no amulet)
HPRegen 0.12/turn               e - +6 ring of strength
MPRegen 0.12/turn               (no ring)

@: very slightly contaminated, glowing
A: sense surroundings 1, otherworldly, glowing, explore regen, agile 1, strong 1
a: no special abilities


You were on level 4 of the Dungeon.
You visited 1 branch of the dungeon, and saw 4 of its levels.

You collected 252 gold pieces.
You spent 36 gold pieces at shops.

Inventory:

Armour
 a - a +0 robe (worn)
 j - a +1 hat
Jewellery
 e - a +6 ring of strength (left hand)
Scrolls
 c - 2 scrolls of teleportation
 g - a scroll of magic mapping {unknown}
 h - 3 scrolls of noise {unknown}
Potions
 d - 2 potions of curing
 f - 2 potions of might


   Skills:
 - Level 0.1 Fighting
 - Level 3.1 Dodging
 - Level 1.4 Stealth
 - Level 3.3 Spellcasting
 + Level 2.3 Conjurations
 + Level 5.3 Fire Magic


You had 3 spell levels left.
You knew the following spells:

 Your Spells              Type           Power      Damage    Failure   Level
a - Foxfire               Conj/Fire      56%        2x1d6     3%          1
b - Scorch                Fire           38%        2d6       3%          2
c - Flame Wave            Conj/Fire      14%        2d6       36%         4

Your spell library contained the following spells:

 Spells                   Type           Power      Damage    Failure   Level
 Conjure Flame            Conj/Fire      14%        6-21      12%         3
 Inner Flame              Hex/Fire       11%        N/A       19%         3


Dungeon Overview and Level Annotations

Branches:
Dungeon (4/15) Zot: 452
 Temple: D:4-7

Altars:
Makhleb
Uskayaw

Shops:
D:1 *


Innate Abilities, Weirdness & Mutations

You passively map a small area around you.
You are easily found by Zot.
You glow in the dark.
You regain HP and MP as you explore.
You are agile. (Dex +4, Str/Int -1)
Your muscles are strong. (Str +4, Int/Dex -1)


Message History

You hit the orc wizard but do no damage.
The orc wizard is severely wounded.
The foxfire hits the orc wizard but does no damage.
The orc wizard is severely wounded.
The foxfire hits something.
Something hits you but does no damage.
The orc wizard hits you with a +0 dagger.
Casting: Foxfire (safe; 3% risk of failure)
Confirm with . or Enter, or press ? or * to list all spells.
You conjure some foxfire!
Something hits you but does no damage.
The orc wizard hits you but does no damage.
You hit the orc wizard but do no damage.
The orc wizard is severely wounded.
The foxfire hits something.
The foxfire hits the orc wizard.
The orc wizard is almost dead.
The orc wizard hits you but does no damage.
Something hits you. Magic courses through your body.
Something hits you but does no damage.
The orc wizard hits you with a +0 dagger.
Casting: Foxfire (safe; 3% risk of failure)
Confirm with . or Enter, or press ? or * to list all spells.
The spell is extremely dangerous to miscast (36% risk of failure)!
Continue anyway?
Casting: Flame Wave (extremely dangerous; 36% risk of failure)
Press: ? - help, Dir - look around, f - activate You miscast Flame Wave.
You are very lightly contaminated with residual magic.
Strange energies run through your body!
* * * LOW HITPOINT WARNING * * *
Something hits you.
* * * LOW HITPOINT WARNING * * *
The orc wizard hits you with a +0 dagger.
* * * LOW HITPOINT WARNING * * *
Okay, then.
Casting: Flame Wave (extremely dangerous; 36% risk of failure)
Confirm with . or Enter, or press ? or * to list all spells.
The spell is extremely dangerous to miscast (36% risk of failure)!
Continue anyway?
Casting: Flame Wave (extremely dangerous; 36% risk of failure)
Press: ? - help, Dir - look around, f - activate You miscast Flame Wave.
The air around you crackles with energy!
You die...

....#,, * ###*#....#
##### , #....##....#* ,
....+, #..........#,,
....# +..........#,
...## *#.........# ,
...###+###...##....# *#
...##...##...##....##...
...##...#.........).....
....#...#.......@o......
,
....#...#....##..{.##...
, ....#...#....##....#
..
...##...#.....#....)..
,,
...##...#.....#....##.
........####'##....# ,..
........##...###+### .
.............#,, ,
+####........# , , , ,


You could see an orc wizard.

Vanquished Creatures
  4 adders
  A worm (D:3)
  10 orcs
  A bat (D:3)
  An endoplasm (D:2)
  2 giant cockroaches
  4 goblins
  5 hobgoblins
  3 jackals (D:3)
  6 kobolds
  2 quokkas
  4 ball pythons (D:1)
  A frilled lizard (D:3)
  7 rats
51 creatures vanquished.

Vanquished Creatures (others)
  113 foxfires
113 creatures vanquished.

Grand Total: 164 creatures vanquished

Notes
Turn   | Place    | Note
-------+----------+-------------------------------------------
     0 | D:1      | hawla the Meteoran Fire Elementalist began the quest for
                  | the Orb.
     0 | D:1      | Reached XP level 1. HP: 14/14 MP: 5/5
   147 | D:1      | Reached XP level 2. HP: 20/20 MP: 3/6
   253 | D:1      | Found Veceguj's General Store.
   259 | D:1      | Reached skill level 4 in Fire Magic
   266 | D:1      | Bought a potion of curing for 36 gold pieces
   500 | D:1      | Glimpsed the power of Zot.
   570 | D:2      | Reached XP level 3. HP: 26/26 MP: 5/8
   633 | D:2      | Learned a level 2 spell: Scorch
  1045 | D:2      | Reached XP level 4. HP: 33/33 MP: 6/9
  1100 | D:2      | Glimpsed the power of Zot.
  1150 | D:2      | Glimpsed the power of Zot.
  1272 | D:3      | Learned a level 4 spell: Flame Wave
  1361 | D:3      | Found a hide-covered altar of Uskayaw.
  1361 | D:3      | Found a burning altar of Makhleb.
  1428 | D:3      | Reached skill level 5 in Fire Magic
  1444 | D:3      | Reached XP level 5. HP: 18/38 MP: 0/11
  1700 | D:3      | Glimpsed the power of Zot.
  1732 | D:4      | Gained mutation: You are agile. (Dex +4, Str/Int -1)
                  | [potion of mutation]
  1732 | D:4      | Gained mutation: Your muscles are strong. (Str +4, Int/Dex
                  | -1) [potion of mutation]
  1948 | D:4      | HP: 1/38 [orc wizard/+0 dagger (2)]
  1949 | D:4      | Killed by miscasting Flame Wave

Illustrated notes

Levels and vault maps discovered:
D:1:      dpeg_arrival_renting, layout_loops_ring, serial_shops,
          nicolae_shop_crystal
D:2:      layout_loops_ring
D:3:      layout_loops_ring, gammafunk_temple_overflow_elements
D:4:      layout_gridville, nicolae_ru_the_path_less_chosen,
          minmay_temple_entry_sparse_star, grunt_ministairs_1

Skill      XL: |  1  2  3  4 |
---------------+-------------+-----
Fire Magic     | 4 5 |  5.3
Dodging        | 3 |  3.1
Spellcasting   | 3 |  3.3
Conjurations   | 2 |  2.3
Fighting       | |  0.1
Stealth        | |  1.4

Action                   |  1- 3 |  4- 6 || total
-------------------------+-------+-------++-------
Melee: Unarmed           |    13 |    12 ||    25
 Cast: Foxfire           |    36 |    40 ||    76
       Scorch            |     2 |     8 ||    10
       Flame Wave        |       |     3 ||     3
  Use: Scroll            |     6 |     2 ||     8
       Potion            |       |     2 ||     2
Armor: Robe              |     6 |    11 ||    17
Dodge: Dodged            |    14 |    11 ||    25
